 Dungeon Crawl Stone Soup version 0.29-a0-194-g6e3aafee17 (webtiles) character file.

Game seed: 11498281900274582420

396 croobank the Ducker (level 7, -2/45 HPs)
             Began as a Djinni Fire Elementalist on Feb 23, 2022.
             Slain by a fire bat (4 damage)
             ... on level 3 of the Dungeon.
             The game lasted 00:12:09 (3693 turns).

croobank the Ducker (Djinni Fire Elementalist)      Turns: 3693, Time: 00:12:09

Health: -2/45      AC:  3    Str:  7    XL:     7   Next: 9%
Gold:   116        EV: 14    Int: 18    God:
                   SH:  0    Dex: 14

rFire   + + .      SeeInvis .   h - +2 hand axe (vorpal)
rCold   x . .      Faith    .   (no shield)
rNeg    . . .      Spirit   .   a - +0 robe
rPois   ∞          Reflect  .   o - +0 helmet
rElec   .          Harm     .   (no cloak)
rCorr   .          Rampage  .   (no gloves)
Will    .....                   (boots unavailable)
Stlth   +.........              (no amulet)
HPRegen 0.15/turn               (no ring)
MPRegen 0.00/turn               (no ring)

@: confused, brilliant, on berserk cooldown, flying, slowed, very slow
A: sickness immunity, fire resistance 2, cold vulnerability 1, float, innate
caster, HP casting, extra vitality 1
a: no special abilities


You were on level 3 of the Dungeon.
You visited 1 branch of the dungeon, and saw 3 of its levels.

You collected 116 gold pieces.

Inventory:

Hand Weapons
 b - a +0 hunting sling
 c - a +0 short sword
 h - a +2 vorpal hand axe (weapon)
 t - a +1 long sword of draining
Missiles
 f - 6 poisoned darts
 l - 79 stones
Armour
 a - a +0 robe (worn)
 e - a +0 leather armour
 o - a +0 helmet (worn)
 s - a +0 ring mail
Magical Staves
 p - a staff of fire
Jewellery
 j - a +6 ring of strength
Scrolls
 i - a scroll of enchant weapon {unknown}
 k - a scroll of noise {unknown}
 m - 2 scrolls of amnesia {unknown}
 n - a scroll of enchant armour {unknown}
 r - 2 scrolls of identify {unknown}
 u - 2 scrolls of brand weapon {unknown}
Potions
 d - a potion of brilliance
 g - a potion of berserk rage
 q - a potion of ambrosia {unknown}


   Skills:
 + Level 4.7 Dodging
 + Level 3.8 Stealth
 + Level 3.8 Spellcasting


You couldn't memorise any spells.
You knew the following spells:

 Your Spells              Type           Power      Damage    Failure   Level
a - Foxfire               Conj/Fire      100%       2x1d9     3%          1
b - Scorch                Fire           52%        2d8       4%          2
c - Conjure Flame         Conj/Fire      26%        6-21      10%         3
d - Inner Flame           Hex/Fire       26%        N/A       10%         3
e - Flame Wave            Conj/Fire      26%        2d7       30%         4
f - Slow                  Hex            100%       N/A       3%          1
g - Blink                 Tloc           52%        N/A       4%          2
h - Poisonous Vapours     Pois/Air       52%        N/A       4%          2
Your spell library was empty.

Dungeon Overview and Level Annotations

Branches:
Dungeon (3/15)

Altars:


Innate Abilities, Weirdness & Mutations

You are immune to sickness and miasma.
You are immune to poison.
Your flesh is very heat resistant. (rF++)
You are vulnerable to cold. (rC-)
You float through the air rather than walking.
You learn spells naturally, not from books.
Your magical power is your life essence.
You have superior vitality. (+4 MHP)


Message History

* * * LOW HITPOINT WARNING * * *
You closely miss the phase bat.
The phase bat hits you but does no damage.
The orc wizard points at you and mumbles some strange words.
You easily resist.
The phase bat misses you.
The phase bat hits you but does no damage.
Your magical contamination has completely faded away.
Items here: ))) [[ †††††††.
You feel a strong urge to attack something.
You barely miss the phase bat.
The phase bat hits you but does no damage.
A fire bat comes into view.
The orc wizard points at you and mumbles some strange words.
You are confused.
You are too berserk!
A fire bat comes into view.
The phase bat misses you.
The fire bat moves out of view.
Items here: ))) [[ †††††††.
You bump into the rock wall.
You feel a strong urge to attack something.
You are no longer berserk.
You are exhausted.
You feel yourself slow down. The phase bat barely misses you.
The orc wizard barely misses you.
The orc wizard mumbles some strange words.
The orc wizard flickers and vanishes!
Deactivating autopickup; reactivate with Ctrl-A.
You're too confused to move!
The fire bat barely misses you.
The fire bat bites you but does no damage.
The orc wizard closely misses you. The fire bat misses you.
You completely miss the fire bat. You closely miss the orc wizard.
The fire bat closely misses you. x2; The phase bat blinks!
The orc wizard gestures wildly while chanting.
The orc wizard flickers and vanishes!
The fire bat misses you. Something hits you.
* * * LOW HITPOINT WARNING * * *
A skeletal bat comes into view.
The fire bat bites you.
You die...

# ## # .#
# .# ## #
.# . #
#.#. #
###.{#####
#Zbbb##..#
#{@.#.#
#####.#
##.# #..#
#.## #####
#.# ....#
#.#
###.####
##.###
........
#....#


You could see 2 fire bats, a phase bat and a skeletal bat (wandering).

Vanquished Creatures
  Sigmund (D:3)
  An orc priest (D:3)
  Terence (D:2)
  Robin (D:2)
  2 adders (D:2)
  A worm (D:2)
  4 dart slugs
  3 orcs (D:3)
  A spectral bat (D:3)
  2 bat skeletons (D:3)
  A bat zombie (D:3)
  5 endoplasms
  2 giant cockroaches (D:2)
  11 goblins
  4 hobgoblins (D:2)
  8 jackals
  5 kobolds
  3 quokkas
  7 ball pythons
  15 bats
  2 frilled lizards
  2 rats
82 creatures vanquished.

Vanquished Creatures (others)
  119 foxfires
119 creatures vanquished.

Grand Total: 201 creatures vanquished

Notes
Turn   | Place    | Note
-------+----------+-------------------------------------------
     0 | D:1      | croobank the Djinni Fire Elementalist began the quest for
                  | the Orb.
     0 | D:1      | Reached XP level 1. HP: 15/15 MP: 0/0
   394 | D:1      | Reached XP level 2. HP: 13/21 MP: 0/0
   931 | D:1      | Reached XP level 3. HP: 23/25 MP: 0/0
   931 | D:1      | Learned a level 1 spell: Slow
  1181 | D:1      | Found a faded altar of an unknown god.
  1448 | D:2      | Reached skill level 3 in Dodging
  1736 | D:2      | Noticed Terence
  1747 | D:2      | Killed Terence
  1748 | D:2      | Reached XP level 4. HP: 4/31 MP: 0/0
  2534 | D:2      | Reached XP level 5. HP: 11/35 MP: 0/0
  2534 | D:2      | Learned a level 2 spell: Blink
  2790 | D:2      | Noticed Robin
  2798 | D:2      | Killed Robin
  3476 | D:3      | Noticed Sigmund
  3494 | D:3      | Killed Sigmund
  3495 | D:3      | Reached skill level 4 in Dodging
  3495 | D:3      | Reached XP level 6. HP: 27/40 MP: 0/0
  3683 | D:3      | Reached XP level 7. HP: 6/45 MP: 0/0
  3683 | D:3      | Learned a level 2 spell: Poisonous Vapours
  3693 | D:3      | HP: 2/45 [something (3)]
  3693 | D:3      | Slain by a fire bat

Illustrated notes

Levels and vault maps discovered:
D:1:      wander_arrival_peaceful_grave, layout_loops_cross,
          hellmonk_ecumenical_altar_crossroads, minmay_tripent
D:2:      layout_loops_cross, uniq_robin, uniq_terence
D:3:      layout_loops_cross, ashenzari_conservatory_becter,
          chequers_temple_overflow_minitemple, goddamned_bats, uniq_sigmund

Skill      XL: |  1  2  3  4  5 |
---------------+----------------+-----
Stealth        | 2 3 |  3.8
Dodging        | 3 4 |  4.7
Spellcasting   | 3 |  3.8

Action                   |  1- 3 |  4- 6 |  7- 9 || total
-------------------------+-------+-------+-------++-------
Melee: Hand axe          |       |    39 |     6 ||    45
 Cast: Foxfire           |    46 |    35 |       ||    81
       Scorch            |    11 |    24 |       ||    35
  Use: Potion            |       |     2 |       ||     2
Armor: Robe              |     3 |    26 |     4 ||    33
Dodge: Dodged            |    12 |    43 |    10 ||    65

Table legend: (Time is in decaauts)
 A = Elapsed time spent in this place.
 B = Non-inter-level travel time spent in this place.
 C = Inter-level travel time spent in this place.
 D = Time resting spent in this place.
 E = Time spent auto-exploring this place.
 F = Levels seen in this place.
 G = Mean time per level.
                   A        B        C        D        E       F      G
               +--------+--------+--------+--------+--------+-----+--------+
         Total |   3701 |   3660 |     41 |    244 |   2827 |   3 | 1233.7 |
       Dungeon |   3701 |   3660 |     41 |    244 |   2827 |   3 | 1233.7 |
               +--------+--------+--------+--------+--------+-----+--------+

Top non-repeatable levels by time:
     D:2: 1829 daAuts
     D:1: 1426 daAuts
     D:3: 445 daAuts
